 Dungeon Crawl Stone Soup version 0.28.0-47-ge53b351184 (webtiles) character file.

Game seed: 8052459687590930410

44 Exodus22XD the Chopper (level 3, -2/34 HPs)
             Began as a Hill Orc Monk on May 7, 2022.
             Slain by a gnoll
             ... wielding a +0 whip
              (6 damage)
             ... on level 1 of the Dungeon.
             The game lasted 00:01:38 (1957 turns).

Exodus22XD the Chopper (Hill Orc Monk)              Turns: 1957, Time: 00:01:39

Health: -2/34      AC:  3    Str: 15    XL:     3   Next: 60%
Magic:  3/3        EV: 12    Int: 10    God:
Gold:   79         SH:  0    Dex: 13    Spells: 2/2 levels left

rFire   . . .      SeeInvis .   a - +0 hand axe
rCold   . . .      Faith    .   (no shield)
rNeg    . . .      Spirit   .   b - +0 robe
rPois   .          Reflect  .   (no helmet)
rElec   .          Harm     .   (no cloak)
rCorr   .          Rampage  .   (no gloves)
Will    .....                   f - +0 pair of boots
Stlth   ++........              (no amulet)
HPRegen 0.11/turn               (no ring)
MPRegen 0.08/turn               (no ring)

@: no status effects
A: no striking features
a: no special abilities


You were on level 1 of the Dungeon.
You visited 1 branch of the dungeon, and saw 2 of its levels.

You collected 79 gold pieces.

Inventory:

Hand Weapons
 a - a +0 hand axe (weapon)
Armour
 b - a +0 robe (worn)
 f - a +0 pair of boots (worn)
Scrolls
 c - 2 scrolls of holy word {unknown}
 d - 4 scrolls of identify {unknown}
 e - 2 scrolls of fear {unknown}
 g - a scroll of brand weapon {unknown}
 i - a scroll of enchant armour {unknown}
 j - a scroll of magic mapping {unknown}
 k - a scroll of teleportation {unknown}


   Skills:
 + Level 4.3 Fighting
 + Level 4.9 Axes
 * Level 1.4 Armour
 - Level 2.4 Dodging
 - Level 1.5 Stealth


You had 2 spell levels left.
You didn't know any spells.
Your spell library was empty.

Dungeon Overview and Level Annotations

Branches:
Dungeon (2/15)

Altars:

Annotations:
D:2 1 runed translucent door, Crazy Yiuf


Message History

The gnoll is attracted toward you. x3
The hobgoblin is attracted toward you. The gnoll is attracted toward you. x2
Something is attracted toward you. x3
The gnoll is attracted toward you. The gnoll is attracted toward you. x3
The gnoll is attracted toward you. x3
The gnoll is attracted toward you. The gnoll is attracted toward you.
The gnoll is attracted toward you. x2
The hobgoblin barely misses you. The gnoll is attracted toward you.
The gnoll is attracted toward you. x2
There is an open door here.
The gnoll is attracted toward you. The gnoll is attracted toward you.
The gnoll closely misses you. The gnoll is attracted toward you.
The hobgoblin is attracted toward you. The gnoll barely misses you.
The gnoll is attracted toward you. The gnoll is attracted toward you. x2
The gnoll is attracted toward you. x2; The hobgoblin is attracted toward you.
The gnoll is attracted toward you. x2; The hobgoblin is attracted toward you.
The gnoll is attracted toward you. x3; Something is attracted toward you.
The gnoll misses you. The gnoll is attracted toward you.
The gnoll is attracted toward you. x2; The hobgoblin is attracted toward you.
The gnoll is attracted toward you. x2; The hobgoblin is attracted toward you.
The gnoll is attracted toward you. x2; The hobgoblin is attracted toward you.
The gnoll is attracted toward you. x2; The hobgoblin is attracted toward you.
You feel less attractive to monsters.
There is a stone staircase leading up here.
The gnoll completely misses you.
You climb upwards.
There is a stone staircase leading down here.
You closely miss the gnoll. The gnoll hits you with a +0 whip.
* * * LOW HITPOINT WARNING * * *
You barely miss the gnoll. The gnoll hits you with a +0 whip.
* * * LOW HITPOINT WARNING * * *
You closely miss the gnoll. The gnoll closely misses you.
You barely miss the gnoll. The gnoll hits you with a +0 whip.
You die...

#.##..#.#.# ##.......#
#.##......###.........
#.##........+.........
#.##......###....(....
#.##..#.#.# ##.......#
#.........# ##.....##
####......# ##...##
##g##### ##'## #@# #.#
#.# #.# #:# #######.##
#.# #........##
#.#####.###)÷...##
....._..8..#...##.
.........#.#..##..
.........#........
.♣.....∩.##..##..


You could see a gnoll.

Vanquished Creatures
  2 adders (D:2)
  A worm (D:2)
  2 goblins (D:1)
  3 hobgoblins
  5 ball pythons
  3 bats
  2 frilled lizards (D:2)
  3 kobolds
  3 rats
24 creatures vanquished.

Notes
Turn   | Place    | Note
-------+----------+-------------------------------------------
     0 | D:1      | Exodus22XD the Hill Orc Monk began the quest for the Orb.
     0 | D:1      | Reached XP level 1. HP: 19/19 MP: 1/1
   326 | D:1      | Found a faded altar of an unknown god.
   601 | D:1      | Reached XP level 2. HP: 26/27 MP: 2/2
   754 | D:1      | You fall into a shaft and drop 1 floor!
   842 | D:2      | Reached skill level 1 in Armour
  1217 | D:2      | Reached XP level 3. HP: 30/33 MP: 3/3
  1790 | D:2      | Found a runed translucent door.
  1791 | D:2      | Noticed Crazy Yiuf
  1878 | D:2      | HP: 1/34 [gnoll/+0 whip of freezing (1)]
  1957 | D:1      | Slain by a gnoll

Illustrated notes

Levels and vault maps discovered:
D:1:      dpeg_arrival_three_same_balls, layout_loops_corners,
          hellmonk_ecumenical_altar_arch_garden
D:2:      wad_crossroads, layout_basic, chequers_garden, uniq_robin,
          uniq_crazy_yiuf_cottage

Skill      XL: |  1  2 |
---------------+-------+-----
Fighting       | 4 |  4.3
Armour         | 1 |  1.4
Axes           | |  4.9
Dodging        | |  2.4
Stealth        | |  1.5

Action                   || total
-------------------------++-------
Melee: Hand axe          ||   100
       Punch             ||     3
  Use: Potion            ||     1
 Stab: Sleeping          ||     3
Armor: Robe              ||    24
Dodge: Dodged            ||    73
